 Dungeon Crawl Stone Soup version 0.29.1-1-gd02db6906a (webtiles) character file.

Game seed: 9251975577986303771

3276 Sanktem7 the Fighter (level 9, 0/86 (89) HPs)
             Began as a Minotaur Fighter on Oct 1, 2022.
             Was a Believer of Trog.
             Slain by a wight
             ... wielding a +4 scimitar
              (8 damage)
             ... on level 7 of the Dungeon.
             The game lasted 00:17:22 (8936 turns).

Sanktem7 the Fighter (Minotaur Fighter)             Turns: 8936, Time: 00:17:23

HP:   0/86 (89)     AC: 11    Str: 24    XL:     9   Next: 68%
MP:   8/8           EV:  7    Int:  5    God:    Trog [**....]
Gold: 222           SH:  4    Dex: 11    Spells: 8/8 levels left

rFire   . . .      SeeInvis .   a - +0 war axe {axe}
rCold   . . .      Faith    .   c - +0 buckler
rNeg    . . .      Spirit   .   w - +0 chain mail
rPois   +          Reflect  .   (helmet restricted)
rElec   .          Harm     .   (no cloak)
rCorr   .          Rampage  .   (no gloves)
Will    .....                   v - +1 pair of boots
Stlth   ..........              (no amulet)
HPRegen 0.24/turn               g - ring of poison resistance
MPRegen 0.11/turn               (no ring)

@: studying Throwing, lightly drained
A: horns 2, retaliatory headbutt
a: Renounce Religion, Berserk, Trog's Hand


You were on level 7 of the Dungeon.
You worshipped Trog.
Trog was pleased with you.
You visited 2 branches of the dungeon, and saw 8 of its levels.
You also visited: Sewer.

You collected 446 gold pieces.
You spent 224 gold pieces at shops.


Innate Abilities, Weirdness & Mutations

You have a pair of horns on your head.
You reflexively headbutt those who attack you in melee.


   Skills:
 * Level 11.1 Fighting
 * Level 10.9 Axes
 - Level 8.0 Throwing
 - Level 3.6 Armour
 - Level 3.6 Shields


You had 8 spell levels left.
You didn't know any spells.
Your spell library contained the following spells:

 Spells                   Type           Power      Damage    Failure   Level
 Sandblast                Erth           0%         2d4       99%         1
 Slow                     Hex            0%         N/A       99%         1
 Summon Small Mammal      Summ           0%         N/A       99%         1
 Passwall                 Tmut/Erth      0%         N/A       100%        2
 Call Canine Familiar     Summ           0%         N/A       100%        3
 Confusing Touch          Hex            0%         N/A       100%        3
 Stone Arrow              Conj/Erth      0%         3d7       100%        3
 Summon Guardian Golem    Hex/Summ       0%         N/A       100%        3
 Vampiric Draining        Necr           0%         2d6       100%        3

Inventory:

Hand Weapons
 a - a +0 war axe (weapon) {axe}
 B - a +2 trident {polearm}
   (You took it off a wight on level 7 of the Dungeon)
 I - a +3 trident of freezing {polearm}
   (You took it off a wight on level 7 of the Dungeon)
Missiles
 j - 47 stones (quivered) {throwing}
 x - 8 boomerangs {throwing}
Armour
 c - a +0 buckler (worn)
 e - a +0 ring mail
   (You found it on level 6 of the Dungeon)
 s - a +0 leather armour
   (You took it off an orc on level 6 of the Dungeon)
 v - a +1 pair of boots (worn)
   (You bought it in a shop on level 6 of the Dungeon)
 w - a +0 chain mail (worn)
   (You found it on level 4 of the Dungeon)
 z - a +0 leather armour
   (You found it on level 7 of the Dungeon)
 C - a +0 robe
   (You took it off a wight on level 7 of the Dungeon)
 G - a +0 robe
   (You took it off a gnoll bouda on level 7 of the Dungeon)
 J - a +0 robe
   (You took it off a wight on level 7 of the Dungeon)
Jewellery
 g - a ring of poison resistance (left hand)
   (You found it on level 1 of the Dungeon)
 E - an amulet of the acrobat
   (You found it on level 7 of the Dungeon)
Wands
 b - a wand of paralysis (4)
   (You found it on level 7 of the Dungeon)
Scrolls
 i - a scroll of teleportation {@r4}
 k - 2 scrolls of enchant weapon
 o - 3 scrolls of butterflies
 p - a scroll of blinking {!r}
 y - a scroll of fear
 A - a scroll of vulnerability {!r!r}
 D - a scroll of noise {unknown}
 F - a scroll of summoning {unknown}
Potions
 d - a potion of might
 f - 4 potions of heal wounds {@q2}
 h - 3 potions of mutation {unknown}
 l - a potion of lignification {unknown}
 m - 3 potions of attraction {unknown}
 n - 7 potions of curing {@q1}
 q - a potion of cancellation {unknown}
 r - a potion of magic {unknown}
 t - a potion of degeneration {unknown}
 u - a potion of resistance {unknown}
 H - 2 potions of brilliance {unknown}

Dungeon Overview and Level Annotations

Branches:
Dungeon (7/15) Zot: 25549  Temple (1/1) D:4 Zot: 5815   Sewer (visited)

Altars:
Ashenzari
Cheibriados
Dithmenos
Elyvilon
Fedhas
Gozag
Hepliaklqana
Kikubaaqudgha
Makhleb
Nemelex Xobeh
Okawaru
Qazlal
Sif Muna
Trog
Uskayaw
Wu Jian
Xom
Yredelemnul
Zin
The Shining One

Shops:
D:1 (   D:2 !   D:3 *   D:5 = D:6

[
.....##.#.....###.##.#.#.#.###.##
.#.#.##.#...###†.######.#.#.##.##
.#.#.##.).###..###..####.#.###..#
.#.#.##.###..####....######.##...
<#.#.##.#..####..#.(#..#####.#...
.#.#.##..####(.#.#..#..#..##.#.##
.#.#.######..#.).#.#..#..#..##.##
.....# .o#...#)#.#..#..#####..#
.#...# #...#.z@##..#.)## #...
####.####..#...#D##..#### #.##
#....###..#..z#..## #.##
####...###?.#.### #.##
###...###..# #.## ###...###. #.##
###...#### #.## ###....### #.##
###....### #.##


You could see an acid dragon (catching breath) and 2 wights.


Message History

You block the bullfrog's attack.
Your Fighting skill increases to level 11! 😕 HP[+3]
You now have 89 max hp (+3).
You regained 3 hp, and now have 84/89 hp.
You barely miss the bullfrog. You barely miss the orc.
The bullfrog hits you but does no damage.
The orc barely misses you.
You hit the bullfrog but do no damage. You slash the orc!
You kill the orc!
Trog accepts your kill. The bullfrog closely misses you.
The bullfrog hits you but does no damage.
You slice the bullfrog!!
The bullfrog hits you but does no damage.
A wight comes into view. It is wielding a +0 morningstar.
The bullfrog hits you. 😕 HP[-3]
You take 3 damage, and now have 81/89 hp.
You slash the bullfrog!
You kill the bullfrog!
Trog accepts your kill. 😕 HP[+1]
You hit the wight. You headbutt the wight!
The wight hits you with a +0 great sword! 😕 HP[-12]
You take 12 damage, and now have 70/89 hp.
You hit the wight. Your headbutt misses the wight.
A wight comes into view. It is wielding a +4 scimitar.
The wight completely misses you.
You hit the wight.
You destroy the wight!
Trog accepts your kill.
An acid dragon comes into view.
Items here: ( )) [. 😕 HP[+1]
The acid dragon roars!
You hit the wight but do no damage.
You hear a roar!
You hear a bellow!
The wight hits you with a +0 morningstar. 😮 HP[-5]
You take 5 damage, and now have 66/89 hp.
You closely miss the wight. The wight closely misses you.
You barely miss the wight. The wight hits you but does no damage.
You hit the wight. You headbutt the wight. You hit the wight.
The wight hits you with a +4 scimitar.
You feel drained.
The wight hits you with a +0 morningstar!
You feel drained.
A wight comes into view. It is wielding a +5 scimitar. 😮 HP[-7]
You now have 86 max hp (-3).
You take 7 damage, and now have 59/86 hp.
You completely miss the wight. You closely miss the wight.
The wight hits you with a +4 scimitar!
You feel drained.
The wight hits you but does no damage. 😮 HP[-10]
You now have 84 max hp (-2).
You take 10 damage, and now have 49/84 hp.
You slash the wight!
You destroy the wight!
Trog accepts your kill.
You hit the wight. The acid dragon spits acid at you.
The splash of acid hits you!
* * * LOW HITPOINT WARNING * * *
The wight hits you but does no damage.
Training target 8.0 for Throwing reached!
Your Throwing skill increases to level 8! 😨 HP[-12]
You now have 86 max hp (+2).
You take 12 damage, and now have 37/86 hp.
The acid dragon bites you.
* * * LOW HITPOINT WARNING * * *
The acid dragon claws you but does no damage.
You block the wight's attack.
Things that are here:
a +0 morningstar {mace}; a +0 robe; 😨 HP[-4]
You take 4 damage, and now have 33/86 hp.
You closely miss the wight. You closely miss the acid dragon.
The acid dragon bites you.
* * * LOW HITPOINT WARNING * * *
The acid dragon claws you but does no damage.
You block the wight's attack. 😨 HP[-4]
You take 4 damage, and now have 29/86 hp.
You hit the wight. You barely miss the acid dragon.
The acid dragon spits acid at you. The splash of acid hits you!
* * * LOW HITPOINT WARNING * * *
The wight hits you but does no damage. 😱 HP[-17]
You take 17 damage, and now have 12/86 hp.
You hit the wight. Your headbutt misses the wight.
You closely miss the acid dragon. The acid dragon bites you.
* * * LOW HITPOINT WARNING * * *
The acid dragon claws you but does no damage.
The wight hits you with a +4 scimitar!
You die...

Skill      XL: |  1  2  3  4  5  6  7  8  9 |
---------------+----------------------------+-----
Fighting       | 4 5 6 7 8 10 11 | 11.1
Axes           | 3 4 5 6 8 9 10 | 10.9
Throwing       | 5 8 |  8.0
Armour         | |  3.6
Shields        | |  3.6

Action                   |  1- 3 |  4- 6 |  7- 9 || total
-------------------------+-------+-------+-------++-------
Melee: War axe           |    73 |   147 |   269 ||   489
       Headbutt          |     8 |    24 |    45 ||    77
  Use: Scroll            |     1 |     3 |     8 ||    12
Armor: Scale mail        |    38 |    38 |       ||    76
       Chain mail        |       |    32 |   135 ||   167
Dodge: Dodged            |    31 |    66 |    74 ||   171
Block: Buckler           |    14 |    26 |    45 ||    85

Levels and vault maps discovered:
D:1:      dpeg_arrival_pits, layout_loops_ring, ebering_ecumenical_altar_mist,
          serial_shops, nicolae_shop_hallway_plus, minmay_misc_feat_cross
D:2:      layout_basic, serial_shops, shop_fountains
D:3:      minmay_door_path, layout_basic, xom_teletrap_fun, serial_shops, shop,
          gup_sewer_entry_bowl, kennysheep_cluttered_room
D:4:      layout_basic, riverfiend_overflow_shadow_ancestor,
          mainiacjoe_overflow_paths, elyvilon_altar_1,
          minmay_temple_entry_mini_moons
D:5:      nicolae_cairo_tiling_very_big, layout_basic,
          mainiacjoe_overflow_boulevard, mainiacjoe_overflow_tiny_flanked,
          mainiacjoe_overflow_surrounded_room, serial_shops, shop, st_stairs_13
D:6:      layout_loops_ring, grunt_temple_overflow_diamond, serial_shops, shop,
          kennysheep_flooded_box, nicolae_titane
D:7:      minmay_the_grid_triangle_9x9_rhombus_full
          [minmay_the_grid_triangle_9x9_flanged_cone,
          minmay_the_grid_triangle_9x9_checkered,
          minmay_the_grid_triangle_9x9_sprig,
          minmay_the_grid_triangle_9x9_wacky_v,
          minmay_the_grid_triangle_9x9_cache,
          minmay_the_grid_triangle_9x9_sparse_checkered,
          minmay_the_grid_triangle_9x9_odd_lines,
          minmay_the_grid_triangle_9x9_prize_schism], layout_loops_ring
Temple:   hellmonk_temple_forest_ring

Notes
Turn   | Place    | Note
-------+----------+-------------------------------------------
     0 | D:1      | Sanktem7 the Minotaur Fighter began the quest for the Orb.
     0 | D:1      | Reached XP level 1. HP: 19/19 MP: 0/0
     0 | D:1      | magus.rc [v1.9.6]
    10 | D:1      | You pick up a book of Geomancy and begin reading...
    10 | D:1      | You add the spells Sandblast, Passwall and Stone Arrow to
                  | your library.
    72 | D:1      | Found a faded altar of an unknown god.
   250 | D:1      | Reached skill level 4 in Fighting
   250 | D:1      | Reached XP level 2. HP: 24/27 MP: 1/1
   251 | D:1      | Reached skill level 3 in Axes
   406 | D:1      | Found Tuzih's Weapon Boutique.
   731 | D:2      | Reached XP level 3. HP: 13/34 MP: 2/2
  1557 | D:2      | Found Ritir's Distillery.
  1567 | D:2      | Reached skill level 4 in Axes
  1570 | D:2      | Bought a potion of curing for 39 gold pieces
  1709 | D:3      | Found Gereanaa's General Store.
  1727 | D:3      | Found a shimmering altar of Xom.
  1790 | D:3      | Reached XP level 4. HP: 36/41 MP: 3/3
  1951 | D:3      | Reached skill level 5 in Fighting
  1978 | D:3      | Found a glowing drain.
  1983 | Sewer    | Entered a sewer
  2222 | Sewer    | Reached XP level 5. HP: 48/48 MP: 4/4
  2786 | D:3      | Bought a potion of heal wounds for 55 gold pieces
  2915 | D:3      | Reached skill level 5 in Axes
  3308 | D:4      | Found a white marble altar of Elyvilon.
  3323 | D:4      | You pick up a book of Debilitation and begin reading...
  3323 | D:4      | You add the spells Slow, Vampiric Draining and Confusing
                  | Touch to your library.
  3343 | D:4      | Found a hazy altar of Hepliaklqana.
  3346 | D:4      | Found a shadowy altar of Dithmenos.
  3346 | D:4      | Noticed a shadow
  3410 | D:4      | Found a staircase to the Ecumenical Temple.
  3498 | Temple   | Entered the Ecumenical Temple
  3664 | Temple   | Became a worshipper of Trog the Wrathful
  3787 | D:4      | Reached skill level 6 in Fighting
  3837 | D:4      | Reached XP level 6. HP: 44/58 MP: 5/5
  4093 | D:4      | Reached skill level 6 in Axes
  4105 | D:4      | You pick up a book of Callings {forbidden} and begin
                  | reading...
  4105 | D:4      | You add the spells Summon Small Mammal, Call Canine
                  | Familiar and Summon Guardian Golem to your library.
  4110 | D:4      | Found an ornate altar of the Wu Jian Council.
  4230 | D:4      | Reached skill level 7 in Fighting
  4619 | D:5      | Entered Level 5 of the Dungeon
  4647 | D:5      | Found a broken altar of Ashenzari.
  4667 | D:5      | Reached XP level 7. HP: 66/66 MP: 6/6
  4804 | D:5      | Reached skill level 7 in Axes
  4845 | D:5      | Reached * piety under Trog
  4853 | D:5      | Reached skill level 8 in Fighting
  4853 | D:5      | HP: 17/68 [gnoll/+0 club[a gnoll bouda] (5)]
  4856 | D:5      | HP: 8/68 [gnoll/+0 club[a gnoll bouda] (3)]
  5363 | D:5      | Reached skill level 8 in Axes
  5517 | D:5      | Reached XP level 8. HP: 75/75 MP: 7/7
  5751 | D:5      | Found a blossoming altar of Fedhas.
  5867 | D:5      | Found an opulent altar of Gozag.
  5890 | D:5      | Found Ximnom's Jewellery Emporium.
  6133 | D:6      | Identified a scroll of acquirement
  6133 | D:6      | Acquired a manual of Throwing
  6179 | D:6      | Reached skill level 9 in Fighting
  6179 | D:6      | Reached skill level 1 in Throwing
  6244 | D:6      | Reached skill level 2 in Throwing
  6427 | D:6      | Reached skill level 3 in Throwing
  6436 | D:6      | Reached skill level 9 in Axes
  6722 | D:6      | Found Xyholly's Antique Armour Emporium.
  6744 | D:6      | Bought a pair of boots for 130 gold pieces
  6848 | D:6      | Reached skill level 4 in Throwing
  6932 | D:6      | Reached ** piety under Trog
  7140 | D:6      | Found a snail-covered altar of Cheibriados.
  7143 | D:6      | Found a glowing golden altar of the Shining One.
  7146 | D:6      | Found an iron altar of Okawaru.
  7497 | D:7      | Reached skill level 5 in Throwing
  7601 | D:7      | Reached skill level 10 in Fighting
  7680 | D:7      | Reached XP level 9. HP: 41/85 MP: 8/8
  8273 | D:7      | Reached skill level 6 in Throwing
  8350 | D:7      | Reached skill level 10 in Axes
  8574 | D:7      | Reached skill level 7 in Throwing
  8919 | D:7      | Reached skill level 11 in Fighting
  8933 | D:7      | Reached skill level 8 in Throwing
  8935 | D:7      | HP: 12/86 [acid dragon/splash of acid (17)]
  8936 | D:7      | Slain by a wight

Vanquished Creatures
  3 water moccasins
  3 ice beasts
  A sky beast (D:7)
  A black bear (D:7)
  4 ogres
  2 phantoms (D:7)
  A kobold brigand (D:7)
  4 bullfrogs (D:7)
  3 scorpions
  3 necrophages
  4 wights (D:7)
  A howler monkey (D:7)
  6 hounds
  3 jellies
  2 orc priests (D:4)
  3 gnoll boudas
  8 iguanas
  4 orc wizards
  9 gnolls
  3 river rats (Sewer)
  12 adders
  A shadow imp (D:6)
  An ufetubus (D:3)
  A worm (D:3)
  2 dart slugs
  18 orcs
  8 ball pythons
  4 endoplasms
  5 hobgoblins
  13 jackals
  3 quokkas (D:3)
  5 bats
  11 frilled lizards
  3 goblins
  7 kobolds
  12 rats
174 creatures vanquished.

Table legend:
 A = Non-vault XP
 B = Vault XP
 C = Vault XP percentage of total XP
 D = Non-vault monster count
 E = Vault monster count
 F = Vault count percentage of total count
                 A         B        C        D         E       F
            +---------+---------+-------+---------+---------+-------
      Total |    3027 |    1653 |  35.3 |     124 |      50 |  28.7
            +---------+---------+-------+---------+---------+-------
        D:1 |      25 |       0 |   0.0 |      14 |       0 |   0.0
        D:2 |      63 |       0 |   0.0 |      17 |       0 |   0.0
        D:3 |      49 |      18 |  26.9 |      18 |       6 |  25.0
        D:4 |     447 |       0 |   0.0 |      20 |       0 |   0.0
        D:5 |     820 |      45 |   5.2 |      23 |       1 |   4.2
        D:6 |     916 |       0 |   0.0 |      25 |       0 |   0.0
        D:7 |     707 |    1504 |  68.0 |       7 |      19 |  73.1
      Sewer |       0 |      86 | 100.0 |       0 |      24 | 100.0
            +---------+---------+-------+---------+---------+-------

Illustrated notes

Table legend:
 A = Kills in this place as a percentage of kills in entire the game.
 B = Kills by you in this place as a percentage of kills by you in the entire game.
 C = Kills by friends in this place as a percentage of kills by friends in the entire game.
 D = Other kills in this place as a percentage of other kills in the entire game.
 E = Experience gained in this place as a percentage of experience gained in the entire game.
 F = Experience gained in this place divided by the number of levels of this place that you have seen.
                   A       B       C       D       E      F
               +-------+-------+-------+-------+-------+----------------------
         Total | 100.0 | 100.0 |   N/A |   N/A | 100.0 | 520.0
       Dungeon |  86.2 |  86.2 |   N/A |   N/A |  98.2 | 656.3
         Sewer |  13.8 |  13.8 |   N/A |   N/A |   1.8 |  86.0
               +-------+-------+-------+-------+-------+----------------------

Table legend: (Time is in decaauts)
 A = Elapsed time spent in this place.
 B = Non-inter-level travel time spent in this place.
 C = Inter-level travel time spent in this place.
 D = Time resting spent in this place.
 E = Time spent auto-exploring this place.
 F = Levels seen in this place.
 G = Mean time per level.
                   A        B        C        D        E       F      G
               +--------+--------+--------+--------+--------+-----+--------+
         Total |   9077 |   8871 |    206 |    248 |   7240 |   9 | 1008.6 |
       Dungeon |   8339 |   8167 |    172 |    248 |   6709 |   7 | 1191.3 |
        Temple |    184 |    150 |     34 |      0 |    140 |   1 |  184.0 |
         Sewer |    553 |    553 |      0 |      0 |    390 |   1 |  553.0 |
               +--------+--------+--------+--------+--------+-----+--------+

Top non-repeatable levels by time:
     D:5: 1522 daAuts
     D:7: 1449 daAuts
     D:6: 1369 daAuts
     D:4: 1202 daAuts
     D:2: 1083 daAuts
     D:3: 1064 daAuts
     D:1: 648 daAuts
   Sewer: 553 daAuts
  Temple: 184 daAuts
